HSSL
INDIANAPOLIS HS RIFLES @ FORT WORTH HS TURKEYS
04/08/2027
 
TOP OF THE 1ST
Indianapolis HS Rifles batting - Pitching for Fort Worth HS Turkeys : RHP Rob Brennan
Pitching: RHP Rob Brennan
Batting: LHB Sam Fuller 0-0: Ball
1-0: Called Strike
1-1: Called Strike
1-2: Ball
2-2: Ball
3-2: Fly out, F4 (Popup, 4)
Batting: LHB Tim Howell 0-0: Ball
1-0: Ball
2-0: Foul Ball, location: 2F
2-1: Ball
3-1: Foul Ball, location: 2F
3-2: Foul Ball, location: 2F
3-2: Ground out 5-3 (Groundball, 5S)
Batting: LHB Dave Sanders 0-0: Ball
1-0: Ball
2-0: Foul Ball, location: 2F
2-1: Foul Ball, location: 2F
2-2: Ground out 4-3 (Groundball, 4)
Top of the 1st over - 0 run(s), 0 hit(s), 0 error(s), 0 left on base; Indianapolis HS 0 - Fort Worth HS 0
BOTTOM OF THE 1ST
Fort Worth HS Turkeys batting - Pitching for Indianapolis HS Rifles : LHP Corey Patterson
Pitching: LHP Corey Patterson
Batting: LHB Fernando García 0-0: Called Strike
0-1: Ball
1-1: Called Strike
1-2: Ball
2-2: Ground out 6-3 (Groundball, 6MS)
Batting: RHB Fred Smith 0-0: Hit by Pitch
Batting: RHB Bill Ménard 0-0: Foul Ball, location: 2F
0-1: Foul Ball, location: 2F
0-2: Foul Ball, location: 2F
0-2: Ball
1-2: Ball
2-2: Ball
3-2: SINGLE (Groundball, 6MD)
Fred Smith to second
Batting: RHB Tristan Vincent 0-0: Ball
1-0: Grounds into double play, 4-6-3 (Groundball, 4)
Bottom of the 1st over - 0 run(s), 1 hit(s), 0 error(s), 1 left on base; Indianapolis HS 0 - Fort Worth HS 0
TOP OF THE 2ND
Indianapolis HS Rifles batting - Pitching for Fort Worth HS Turkeys : RHP Rob Brennan
Batting: LHB Jason Welch 0-0: Called Strike
0-1: Hit by Pitch
Batting: LHB Benny Marte 0-0: Ball
1-0: Ball
2-0: Swinging Strike
2-1: Foul Ball, location: 2F
2-2: Ball
3-2: Strikes out swinging
Batting: RHB Joe Farrell 0-0: Fly out, F8 (Flyball, 8LM)
Batting: RHB Tom Jones 0-0: Ball
1-0: Ball
2-0: Called Strike
2-1: Ball
3-1: SINGLE (Groundball, 6MD)
Jason Welch to second
Runner from 2nd tries for 3rd, SAFE, throw made to third
Batting: RHB Wesley Wood 0-0: Ball
1-0: Ball
2-0: Ball
3-0: Base on Balls
Tom Jones to second
Batting: RHB Lorenzo Camacho 0-0: Ball
1-0: Called Strike
1-1: Ball
2-1: Foul Ball, location: 2F
2-2: SINGLE (Groundball, 56D)
Jason Welch scores
Tom Jones to third
Wesley Wood to second
Runner from 3rd tries for Home, SAFE, no throw
Batting: LHB Sam Fuller 0-0: Ball
1-0: Called Strike
1-1: Ball
2-1: Swinging Strike
2-2: Strikes out swinging
Top of the 2nd over - 2 run(s), 2 hit(s), 0 error(s), 2 left on base; Indianapolis HS 2 - Fort Worth HS 0
BOTTOM OF THE 2ND
Fort Worth HS Turkeys batting - Pitching for Indianapolis HS Rifles : LHP Corey Patterson
Batting: RHB Mal Roberson 0-0: Called Strike
0-1: Ball
1-1: Foul Ball, location: 2F
1-2: Ball
2-2: Foul Ball, location: 2F
2-2: Foul Ball, location: 2F
2-2: Ball
3-2: Hit by Pitch
Batting: LHB Francisco Madraso 0-0: Foul Ball, location: 2F
0-1: Ball
Mal Roberson is caught stealing 2nd base
1-1: SINGLE (Flyball, 7LS)
Batting: RHB Denny Dennis 0-0: Ball
1-0: Called Strike
1-1: Foul Ball, location: 2F
1-2: Ball
2-2: Ball
3-2: Base on Balls
Francisco Madraso to second
Batting: RHB Terry McRa 0-0: SINGLE (Flyball, 89S)
Francisco Madraso to third
Denny Dennis to second
Batting: RHB Ken Adams 0-0: Called Strike
0-1: Ball
1-1: Foul Ball, location: 2F
1-2: Foul Ball, location: 2F
1-2: Ball
2-2: Ball
3-2: Strikes out swinging
Batting: LHB Fernando García 0-0: Foul Ball, location: 2F
0-1: Foul Ball, location: 2F
0-2: Foul Ball, location: 2F
0-2: Fly out, F7 (Line Drive, 78M)
Bottom of the 2nd over - 0 run(s), 2 hit(s), 0 error(s), 3 left on base; Indianapolis HS 2 - Fort Worth HS 0
TOP OF THE 3RD
Indianapolis HS Rifles batting - Pitching for Fort Worth HS Turkeys : RHP Rob Brennan
Batting: LHB Tim Howell 0-0: Ball
1-0: Called Strike
1-1: Foul Ball, location: 2F
1-2: Fly out, F7 (Flyball, 78M)
Batting: LHB Dave Sanders 0-0: Called Strike
0-1: Ball
1-1: Ball
2-1: Foul Ball, location: 2F
2-2: Ball
3-2: SINGLE (Line Drive, 56D)
Batting: LHB Jason Welch 0-0: Called Strike
0-1: Foul Ball, location: 2F
0-2: Ball
1-2: SINGLE (Groundball, 4D)
Dave Sanders to second
Runner from 2nd tries for 3rd, SAFE, throw made to third
Jason Welch to second
Batting: LHB Benny Marte 0-0: Ball
1-0: Swinging Strike
1-1: Called Strike
1-2: Ground out 6-3 (Groundball, 6)
Dave Sanders scores
Batting: RHB Joe Farrell 0-0: Foul Ball, location: 2F
0-1: Foul Ball, location: 2F
0-2: Foul Ball, location: 2F
0-2: Ball
1-2: Foul Ball, location: 2F
1-2: SINGLE (Groundball, 34) (infield hit)
Jason Welch to third
Batting: RHB Tom Jones 0-0: Foul Ball, location: 2F
0-1: Ball
1-1: Ball
2-1: Ball
3-1: Foul Ball, location: 2F
3-2: Foul Ball, location: 2F
3-2: SINGLE (Line Drive, 8RM)
Jason Welch scores
Joe Farrell to second
Joe Farrell to third
Batting: RHB Wesley Wood 0-0: Ball
1-0: Ball
2-0: Ball
3-0: Called Strike
3-1: Fly out, F6 (Popup, 6MS)
Top of the 3rd over - 2 run(s), 4 hit(s), 0 error(s), 2 left on base; Indianapolis HS 4 - Fort Worth HS 0
BOTTOM OF THE 3RD
Fort Worth HS Turkeys batting - Pitching for Indianapolis HS Rifles : LHP Corey Patterson
Batting: RHB Fred Smith 0-0: Ball
1-0: Foul Ball, location: 2F
1-1: Ball
2-1: Ball
3-1: Called Strike
3-2: Strikes out swinging
Batting: RHB Bill Ménard 0-0: Swinging Strike
0-1: Ball
1-1: Ball
2-1: Foul Ball, location: 2F
2-2: SINGLE (Line Drive, 3)
Batting: RHB Tristan Vincent 0-0: Ball
1-0: Ball
2-0: Foul Ball, location: 2F
2-1: Foul Ball, location: 2F
2-2: Foul Ball, location: 2F
2-2: Foul Ball, location: 2F
2-2: Foul Ball, location: 2F
2-2: Ball
3-2: Foul Ball, location: 2F
3-2: Fly out, F7 (Flyball, 78D)
Batting: RHB Mal Roberson 0-0: Foul Ball, location: 2F
0-1: Foul Ball, location: 2F
0-2: Foul Ball, location: 2F
0-2: Ball
1-2: Foul Ball, location: 2F
1-2: Ball
2-2: Ball
3-2: Ground out 6-3 (Groundball, 6)
Bottom of the 3rd over - 0 run(s), 1 hit(s), 0 error(s), 1 left on base; Indianapolis HS 4 - Fort Worth HS 0
TOP OF THE 4TH
Indianapolis HS Rifles batting - Pitching for Fort Worth HS Turkeys : RHP Rob Brennan
Pitching: RHP Rodney Clemente
Batting: RHB Lorenzo Camacho 0-0: Ball
1-0: Called Strike
1-1: Foul Ball, location: 2F
1-2: Strikes out swinging
Batting: LHB Sam Fuller 0-0: Called Strike
0-1: Ball
1-1: Foul Ball, location: 2F
1-2: Strikes out swinging
Batting: LHB Tim Howell 0-0: Called Strike
0-1: Called Strike
0-2: Ball
1-2: Strikes out swinging
Top of the 4th over - 0 run(s), 0 hit(s), 0 error(s), 0 left on base; Indianapolis HS 4 - Fort Worth HS 0
BOTTOM OF THE 4TH
Fort Worth HS Turkeys batting - Pitching for Indianapolis HS Rifles : LHP Corey Patterson
Batting: LHB Francisco Madraso 0-0: Fly out, F9 (Flyball, 9)
Batting: RHB Denny Dennis 0-0: Foul Ball, location: 2F
0-1: Ball
1-1: Ball
2-1: SINGLE (Groundball, 6MD)
Batting: RHB Terry McRa 0-0: Swinging Strike
0-1: Ball
1-1: TRIPLE (Flyball, 89M)
Denny Dennis scores
Pitching: RHP Victor Kocher
Batting: RHB Ken Adams 0-0: Fly out, F2 (Popup, 3S)
Batting: LHB Fernando García 0-0: Foul Ball, location: 2F
0-1: Foul Ball, location: 2F
0-2: Ball
1-2: Ball
2-2: SINGLE (Flyball, 8RS)
Terry McRa scores
Batting: RHB Fred Smith 0-0: Called Strike
0-1: Foul Ball, location: 2F
0-2: Foul Ball, location: 2F
0-2: Ball
1-2: Ball
Fernando García steals 2nd base
2-2: Foul Ball, location: 2F
2-2: Ball
3-2: Foul Ball, location: 2F
3-2: Ground out 4-3 (Groundball, 4)
Bottom of the 4th over - 2 run(s), 3 hit(s), 0 error(s), 1 left on base; Indianapolis HS 4 - Fort Worth HS 2
TOP OF THE 5TH
Indianapolis HS Rifles batting - Pitching for Fort Worth HS Turkeys : RHP Rodney Clemente
Batting: LHB Dave Sanders 0-0: Called Strike
0-1: Called Strike
0-2: Strikes out swinging
Batting: LHB Jason Welch 0-0: Ground out U3 (Groundball, 3)
Batting: LHB Benny Marte 0-0: Ball
1-0: SINGLE (Line Drive, 78M)
Batting: RHB Joe Farrell 0-0: Swinging Strike
0-1: Ball
1-1: Ball
2-1: Called Strike
2-2: Ball
3-2: Foul Ball, location: 2F
3-2: Foul Ball, location: 2F
3-2: Base on Balls
Benny Marte to second
Batting: RHB Tom Jones 0-0: Called Strike
0-1: Called Strike
0-2: Ball
1-2: Ball
2-2: Foul Ball, location: 2F
2-2: Ball
3-2: Base on Balls
Benny Marte to third
Joe Farrell to second
Batting: RHB Wesley Wood 0-0: Swinging Strike
0-1: Ball
1-1: Ball
Wild Pitch!
Benny Marte scores
Joe Farrell to third
Tom Jones to second
2-1: Ball
3-1: Foul Ball, location: 2F
3-2: Fly out, F3 (Popup, 34)
Top of the 5th over - 1 run(s), 1 hit(s), 0 error(s), 2 left on base; Indianapolis HS 5 - Fort Worth HS 2
BOTTOM OF THE 5TH
Fort Worth HS Turkeys batting - Pitching for Indianapolis HS Rifles : RHP Victor Kocher
Batting: RHB Bill Ménard 0-0: Called Strike
0-1: Ball
1-1: Swinging Strike
1-2: Strikes out looking
Batting: RHB Tristan Vincent 0-0: Ball
1-0: Called Strike
1-1: Foul Ball, location: 2F
1-2: Strikes out swinging
Batting: RHB Mal Roberson 0-0: Called Strike
0-1: Swinging Strike
0-2: Strikes out looking
Bottom of the 5th over - 0 run(s), 0 hit(s), 0 error(s), 0 left on base; Indianapolis HS 5 - Fort Worth HS 2
TOP OF THE 6TH
Indianapolis HS Rifles batting - Pitching for Fort Worth HS Turkeys : RHP Rodney Clemente
Batting: RHB Lorenzo Camacho 0-0: Called Strike
0-1: SINGLE (Line Drive, 89S)
Batting: LHB Sam Fuller 0-0: Foul Ball, location: 2F
0-1: Ball
1-1: Ball
2-1: Swinging Strike
2-2: Strikes out swinging
Batting: LHB Tim Howell 0-0: Foul Ball, location: 2F
0-1: Foul Ball, location: 2F
0-2: Strikes out looking
Batting: LHB Dave Sanders 0-0: Foul Ball, location: 2F
0-1: Ball
1-1: Ball
2-1: Ball
3-1: Called Strike
3-2: Fly out, F8 (Flyball, 8RD)
Top of the 6th over - 0 run(s), 1 hit(s), 0 error(s), 1 left on base; Indianapolis HS 5 - Fort Worth HS 2
BOTTOM OF THE 6TH
Fort Worth HS Turkeys batting - Pitching for Indianapolis HS Rifles : RHP Victor Kocher
Batting: LHB Francisco Madraso 0-0: Called Strike
0-1: Ball
1-1: Ball
2-1: Foul Ball, location: 2F
2-2: Ball
3-2: Strikes out swinging
Batting: RHB Denny Dennis 0-0: Ball
1-0: Foul Ball, location: 2F
1-1: Fly out, F9 (Flyball, 9LS)
Batting: RHB Terry McRa 0-0: Foul Ball, location: 2F
0-1: Foul Ball, location: 2F
0-2: Ball
1-2: Strikes out swinging
Bottom of the 6th over - 0 run(s), 0 hit(s), 0 error(s), 0 left on base; Indianapolis HS 5 - Fort Worth HS 2
TOP OF THE 7TH
Indianapolis HS Rifles batting - Pitching for Fort Worth HS Turkeys : RHP Rodney Clemente
Pitching: LHP Adam Guerrero
Batting: LHB Jason Welch 0-0: Ball
1-0: Ground out 4-3 (Groundball, 4)
Batting: LHB Benny Marte 0-0: SINGLE (Groundball, 34D)
Batting: RHB Joe Farrell 0-0: Foul Ball, location: 2F
0-1: Ball
1-1: Ball
2-1: Ball
3-1: Swinging Strike
3-2: Strikes out swinging
Batting: RHB Tom Jones 0-0: Ball
1-0: Swinging Strike
1-1: Foul Ball, location: 2F
1-2: Ball
2-2: Ball
3-2: Fly out, F8 (Flyball, 8LXD)
Top of the 7th over - 0 run(s), 1 hit(s), 0 error(s), 1 left on base; Indianapolis HS 5 - Fort Worth HS 2
BOTTOM OF THE 7TH
Fort Worth HS Turkeys batting - Pitching for Indianapolis HS Rifles : RHP Victor Kocher
Batting: RHB Ken Adams 0-0: Called Strike
0-1: Foul Ball, location: 2F
0-2: Ball
1-2: Ball
2-2: Strikes out swinging
Batting: LHB Fernando García 0-0: Ball
1-0: Ball
2-0: Foul Ball, location: 2F
2-1: Ball
3-1: Called Strike
3-2: DOUBLE (Line Drive, 78D)
Batting: RHB Fred Smith 0-0: Called Strike
0-1: Foul Ball, location: 2F
0-2: Strikes out looking
Pitching: RHP Brent O'Rourke
Batting: RHB Bill Ménard 0-0: Ball
1-0: Called Strike
1-1: Swinging Strike
1-2: Strikes out swinging
Bottom of the 7th over - 0 run(s), 1 hit(s), 0 error(s), 1 left on base; Indianapolis HS 5 - Fort Worth HS 2
TOP OF THE 8TH
Indianapolis HS Rifles batting - Pitching for Fort Worth HS Turkeys : LHP Adam Guerrero
Batting: RHB Wesley Wood 0-0: Foul Ball, location: 2F
0-1: Ball
1-1: Foul Ball, location: 2F
1-2: Foul Ball, location: 2F
1-2: Ball
2-2: Foul Ball, location: 2F
2-2: Ball
3-2: Fly out, F9 (Flyball, 9D)
Batting: RHB Lorenzo Camacho 0-0: Called Strike
0-1: Foul Ball, location: 2F
0-2: Reached on error, E6 (Groundball, 6)
Batting: LHB Sam Fuller 0-0: Ball
1-0: Ball
2-0: Ball
3-0: Called Strike
3-1: Base on Balls
Lorenzo Camacho to second
Batting: LHB Tim Howell 0-0: Foul Ball, location: 2F
0-1: SINGLE (Groundball, 56) (infield hit)
Lorenzo Camacho to third
Sam Fuller to second
Batting: LHB Dave Sanders 0-0: Foul Ball, location: 2F
0-1: Ball
1-1: Swinging Strike
1-2: Foul Ball, location: 2F
1-2: Foul Ball, location: 2F
1-2: Foul Ball, location: 2F
1-2: DOUBLE (Line Drive, 8LD)
Lorenzo Camacho scores
Sam Fuller scores
Tim Howell to third
Runner from 3rd tries for Home, SAFE, throw made home
Batting: LHB Jason Welch 0-0: Foul Ball, location: 2F
0-1: Called Strike
0-2: Strikes out swinging, 2-3 out at first.
Batting: LHB Benny Marte 0-0: Ball
1-0: Foul Ball, location: 2F
1-1: Foul Ball, location: 2F
1-2: Fly out, F8 (Flyball, 8LS)
Top of the 8th over - 3 run(s), 2 hit(s), 1 error(s), 1 left on base; Indianapolis HS 8 - Fort Worth HS 2
BOTTOM OF THE 8TH
Fort Worth HS Turkeys batting - Pitching for Indianapolis HS Rifles : RHP Brent O'Rourke
Now at 1B: Jack Hammond
Batting: RHB Tristan Vincent 0-0: Ball
1-0: Swinging Strike
1-1: Ground out 1-3 (Groundball, 13S)
Batting: RHB Mal Roberson 0-0: Ball
1-0: Foul Ball, location: 2F
1-1: Foul Ball, location: 2F
1-2: Ball
2-2: Foul Ball, location: 2F
2-2: Ball
3-2: Fly out, F8 (Flyball, 8RM)
Batting: LHB Francisco Madraso 0-0: Ball
1-0: Ball
2-0: Foul Ball, location: 2F
2-1: Foul Ball, location: 2F
2-2: Ground out 1-3 (Groundball, 15S)
Bottom of the 8th over - 0 run(s), 0 hit(s), 0 error(s), 0 left on base; Indianapolis HS 8 - Fort Worth HS 2
TOP OF THE 9TH
Indianapolis HS Rifles batting - Pitching for Fort Worth HS Turkeys : LHP Adam Guerrero
Batting: RHB Joe Farrell 0-0: Swinging Strike
0-1: Swinging Strike
0-2: Ball
1-2: Foul Ball, location: 2F
1-2: Ball
2-2: Ball
3-2: Strikes out looking
Pitching: RHP Jason MacDonald
Batting: RHB Tom Jones 0-0: Ball
1-0: Called Strike
1-1: Ball
2-1: SINGLE (Line Drive, 78M)
Batting: RHB Wesley Wood 0-0: Ball
1-0: Swinging Strike
1-1: SINGLE (Flyball, 78M)
Tom Jones to second
Batting: RHB Lorenzo Camacho 0-0: Called Strike
0-1: Called Strike
0-2: Strikes out looking
Batting: LHB Sam Fuller 0-0: Called Strike
0-1: Fly out, F8 (Flyball, 8RS)
Top of the 9th over - 0 run(s), 2 hit(s), 0 error(s), 2 left on base; Indianapolis HS 8 - Fort Worth HS 2
BOTTOM OF THE 9TH
Fort Worth HS Turkeys batting - Pitching for Indianapolis HS Rifles : RHP Brent O'Rourke
Batting: RHB Denny Dennis 0-0: Foul Ball, location: 2F
0-1: Called Strike
0-2: SINGLE (Groundball, 6MD)
Batting: RHB Terry McRa 0-0: Called Strike
0-1: Ball
1-1: Ball
2-1: Ball
3-1: Ground out 5-3 (Groundball, 2L)
Denny Dennis to second
Batting: RHB Ken Adams 0-0: Called Strike
0-1: Ball
1-1: Ball
2-1: Foul Ball, location: 2F
2-2: Ball
3-2: Base on Balls
Batting: LHB Fernando García 0-0: Ball
1-0: Ball
2-0: Ball
3-0: Called Strike
3-1: Base on Balls
Denny Dennis to third
Ken Adams to second
Batting: RHB Fred Smith 0-0: Ball
1-0: Ball
2-0: Foul Ball, location: 2F
2-1: Swinging Strike
2-2: Foul Ball, location: 2F
2-2: Ball
3-2: SINGLE (Groundball, 56) (infield hit)
Denny Dennis scores
Ken Adams to third
Fernando García to second
Pitching: LHP Ryan Baker
Batting: RHB Bill Ménard 0-0: Ball
1-0: Foul Ball, location: 2F
1-1: SINGLE (Flyball, 7S)
Ken Adams scores
Fernando García to third
Fred Smith to second
Batting: RHB Tristan Vincent 0-0: Called Strike
0-1: Called Strike
0-2: Ball
1-2: Foul Ball, location: 2F
1-2: Foul Ball, location: 2F
1-2: SINGLE (Line Drive, 4D)
Fernando García scores
Fred Smith to third
Bill Ménard to second
Batting: RHB Mal Roberson 0-0: Ball
1-0: Foul Ball, location: 2F
1-1: Swinging Strike
1-2: Foul Ball, location: 2F
1-2: Reached on error, E9 (Flyball, 9D)
Fred Smith scores
Bill Ménard to third
Tristan Vincent to second
Batting: LHB Francisco Madraso 0-0: Ball
1-0: Foul Ball, location: 2F
1-1: Foul Ball, location: 2F
1-2: Ball
2-2: Foul Ball, location: 2F
2-2: Ball
3-2: Foul Ball, location: 2F
3-2: Ground out U3 (Groundball, 34S)
Bill Ménard scores
Tristan Vincent to third
Mal Roberson to second
Batting: RHB Denny Dennis 0-0: Ball
1-0: Ball
2-0: Ball
3-0: Base on Balls
Batting: RHB Terry McRa 0-0: Called Strike
0-1: Swinging Strike
0-2: Ball
1-2: Ball
2-2: Ball
3-2: Foul Ball, location: 2F
3-2: Foul Ball, location: 2F
3-2: Base on Balls
Tristan Vincent scores
Mal Roberson to third
Denny Dennis to second
Batting: RHB Ken Adams 0-0: Ball
1-0: Called Strike
1-1: Swinging Strike
1-2: Strikes out swinging
Bottom of the 9th over - 6 run(s), 4 hit(s), 1 error(s), 3 left on base; Indianapolis HS 8 - Fort Worth HS 8
TOP OF THE 10TH
Indianapolis HS Rifles batting - Pitching for Fort Worth HS Turkeys : RHP Jason MacDonald
Pitching: LHP Gary Kernaghan
Batting: LHB Tim Howell 0-0: Ball
1-0: Reached on error, E4 (Groundball, 4S)
Batting: LHB Jack Hammond 0-0: Ball
1-0: Ball
2-0: Foul Ball, location: 2F
2-1: Ball
Balk!
Tim Howell to second
3-1: Base on Balls
Batting: LHB Jason Welch 0-0: Ball
1-0: Swinging Strike
1-1: Foul Ball, location: 2F
1-2: Foul Ball, location: 2F
1-2: Ball
2-2: Foul Ball, location: 2F
2-2: Ball
3-2: Base on Balls
Tim Howell to third
Jack Hammond to second
Batting: LHB Benny Marte 0-0: Called Strike
0-1: Foul Ball, location: 2F
0-2: Foul Ball, location: 2F
0-2: Foul Ball, location: 2F
0-2: Strikes out swinging
Batting: RHB Joe Farrell 0-0: Swinging Strike
0-1: Ball
1-1: Ball
2-1: Ball
3-1: Foul Ball, location: 2F
3-2: Foul Ball, location: 2F
3-2: Fly out, F8 (Flyball, 8RM)
Runner from 3rd tags up, SCORES, no throw
Batting: RHB Tom Jones 0-0: Foul Ball, location: 2F
0-1: Swinging Strike
0-2: Ball
1-2: SINGLE (Flyball, 78S)
Jack Hammond to third
Jason Welch to second
Runner from 3rd tries for Home, SAFE, no throw
Pitching: RHP Shawn Miller
Batting: RHB Wesley Wood 0-0: Ball
1-0: Ball
2-0: Called Strike
2-1: Foul Ball, location: 2F
2-2: Foul Ball, location: 2F
2-2: Ball
3-2: SINGLE (Line Drive, 9S)
Jason Welch to third
Tom Jones to second
Jason Welch scores
Tom Jones to third
Batting: RHB Lorenzo Camacho 0-0: Ball
1-0: Ball
2-0: Called Strike
2-1: Foul Ball, location: 2F
2-2: Ball
3-2: SINGLE (Groundball, 6MD)
Tom Jones scores
Wesley Wood to second
Wesley Wood to third
Batting: LHB Sam Fuller 0-0: Ball
1-0: Fly out, F5 (Popup, 15)
Top of the 10th over - 4 run(s), 3 hit(s), 1 error(s), 2 left on base; Indianapolis HS 12 - Fort Worth HS 8
BOTTOM OF THE 10TH
Fort Worth HS Turkeys batting - Pitching for Indianapolis HS Rifles : LHP Ryan Baker
Batting: LHB Fernando García 0-0: Ball
1-0: Called Strike
1-1: Called Strike
1-2: Foul Ball, location: 2F
1-2: Ball
2-2: Strikes out swinging
Batting: RHB Fred Smith 0-0: Ball
1-0: Called Strike
1-1: Ball
2-1: Foul Ball, location: 2F
2-2: Ball
3-2: Ground out 6-3 (Groundball, 6)
Batting: RHB Bill Ménard 0-0: Called Strike
0-1: Ball
1-1: Ball
2-1: Fly out, F9 (Flyball, 89M)
Bottom of the 10th over - 0 run(s), 0 hit(s), 0 error(s), 0 left on base; Indianapolis HS 12 - Fort Worth HS 8
Thursday, March 30th, 2017 - OOTP Baseball 17.12 Build 75